 Dungeon Crawl Stone Soup version 0.18-a0-888-gdb73dea (webtiles) character file.

240 dvd the Ducker (level 6, -3/46 HPs)
             Began as a Merfolk Gladiator on Dec 23, 2015.
             Slain by a slave (6 damage)
             ... led by Pikel
             ... on level 3 of the Dungeon.
             The game lasted 00:11:35 (3505 turns).

dvd the Ducker (Merfolk Gladiator)                  Turns: 3505, Time: 00:11:36

Health: -3/46      AC:  4    Str: 16    XL:     6   Next: 8%
Magic:  6/6        EV: 15    Int:  7    God:
Gold:   110        SH:  0    Dex: 16    Spells: 0 memorised, 5 levels left

rFire  . . .     SeeInvis .     a - +0 trident
rCold  . . .     Gourm    .     b - +0 leather armour
rNeg   . . .     Faith    .     (no shield)
rPois  .         Spirit   .     c - +0 helmet
rElec  .         Dismiss  .     (no cloak)
rCorr  .         Reflect  .     (no gloves)
SustAt .         Harm     .     (no boots)
MR     .....                    (no amulet)
Stlth  ++........               (no ring)
                                p - ring of flight

@: not resistant to hostile enchantments, unstealthy
A: change form in water, swift swim
a: Evoke Flight


You were on level 3 of the Dungeon.
You were not hungry.

You visited 1 branch of the dungeon, and saw 5 of its levels.

You collected 110 gold pieces.

Inventory:

Hand Weapons
 a - a +0 trident (weapon)
 g - a cursed -1 dagger
Missiles
 d - 2 throwing nets
 k - 10 javelins (quivered)
Armour
 b - a +0 leather armour (worn)
 c - a +0 helmet (worn)
Jewellery
 p - a ring of flight (left hand)
Wands
 E - a wand of magic darts (21/48)
Scrolls
 h - 9 scrolls of identify {unknown}
 i - a scroll of recharging {unknown}
 j - 2 scrolls of immolation {unknown}
 l - a scroll of amnesia {unknown}
 r - 3 scrolls of teleportation {unknown}
 u - a scroll of fog {unknown}
 x - a scroll of random uselessness {unknown}
 y - a scroll of magic mapping {unknown}
 B - a scroll of noise {unknown}
 D - a scroll of remove curse {unknown}
Potions
 e - a potion of might {unknown}
 n - a potion of resistance {unknown}
 q - 3 potions of haste {unknown}
 t - a potion of curing {unknown}
 v - a potion of ambrosia {unknown}
 w - a potion of degeneration {unknown}
 z - a potion of cure mutation {unknown}
Comestibles
 f - 5 bread rations
 m - 4 fruits
 o - 3 beef jerkies
 s - 3 meat rations
 A - a slice of pizza
 C - 4 chunks of flesh


   Skills:
 + Level 2.9 Fighting
 + Level 6.2 Polearms
 + Level 2.9 Throwing
 - Level 0.2 Armour
 + Level 6.4 Dodging
 + Level 1.0 Stealth


You had 5 spell levels left.
You didn't know any spells.

Dungeon Overview and Level Annotations

Branches:
Dungeon (5/15)
 Temple: D:4-7

Altars:
Gozag
Okawaru
Qazlal
The Shining One

Shops:
D:5 }

Annotations:
D:4 Pikel, Sigmund
D:5 Dowan


Message History

Pikel is heavily wounded.
Pikel hits you with a whip of freezing.
* * * LOW HITPOINT WARNING * * *
Pikel freezes you.
* * * LOW HITPOINT WARNING * * *
Pikel hits you with a whip of freezing.
* * * LOW HITPOINT WARNING * * *
Pikel freezes you.
* * * LOW HITPOINT WARNING * * *
The slave shouts!
The slave hits you.
* * * LOW HITPOINT WARNING * * *
The slave hits you.
* * * LOW HITPOINT WARNING * * *
There is a stone staircase leading up here.
The slave hits you but does no damage.
You climb upwards.
There is a stone staircase leading down here.
The slave hits you.
You die...

#......>....[#
#########.......#
#...............#
#.#####.#.......#
#.....#.#.......#
#####.#.#.......#
#...###.......#
###.#.#......p#
###...###....@#
#...>.###.###.#
#(####....# #.#
#.# #.######.##
#.# #.........#
#.# ###.#######
#.# #.# #.# #.#
#.######.#


You could see a slave.

Vanquished Creatures
  2 slaves
  2 orc priests
  2 orc wizards (D:5)
  2 adders
  An ooze (D:3)
  5 worms
  7 orcs
  A giant cockroach (D:3)
  9 goblins
  10 hobgoblins
  6 kobolds
  3 ball pythons
  2 bats
  A giant gecko (D:3)
  5 giant newts
  12 jackals
  A quokka (D:4)
  8 rats
79 creatures vanquished.

Vanquished Creatures (others)
  A bat (D:2)
1 creature vanquished.

Grand Total: 80 creatures vanquished

Notes
Turn   | Place    | Note
--------------------------------------------------------------
     0 | D:1      | dvd the Merfolk Gladiator began the quest for the Orb.
     0 | D:1      | Reached XP level 1. HP: 16/16 MP: 1/1
   138 | D:1      | Reached XP level 2. HP: 22/22 MP: 2/2
   188 | D:1      | Reached skill level 5 in Polearms
   583 | D:1      | Reached XP level 3. HP: 27/27 MP: 3/3
  1626 | D:2      | Reached skill level 5 in Dodging
  1626 | D:2      | Reached XP level 4. HP: 34/34 MP: 4/4
  1689 | D:2      | Found a stormy altar of Qazlal.
  1722 | D:2      | Found an opulent altar of Gozag.
  1781 | D:3      | Found a faded altar to an unknown god.
  1907 | D:4      | Noticed Pikel
  1907 | D:4      | Noticed a slave
  1907 | D:4      | Noticed a slave
  1907 | D:4      | Noticed a slave
  1907 | D:4      | Noticed a slave
  1907 | D:4      | Noticed Sigmund
  1971 | D:3      | Killed a slave
  2409 | D:4      | Found a glowing golden altar of the Shining One.
  2409 | D:4      | Found an iron altar of Okawaru.
  2437 | D:5      | Entered Level 5 of the Dungeon
  2437 | D:5      | Found Giokhene's Gadget Boutique.
  2451 | D:5      | Reached XP level 5. HP: 39/39 MP: 5/5
  2453 | D:5      | Noticed Dowan
  2456 | D:5      | Reached skill level 6 in Dodging
  2983 | D:3      | Reached skill level 1 in Stealth
  2992 | D:3      | Reached XP level 6. HP: 36/46 MP: 6/6
  3357 | D:4      | Found an iron altar of Okawaru.
  3489 | D:4      | HP: 1/46 [slave[Pikel] (6)]
  3505 | D:3      | Slain by a slave

Vault maps used:
D:1:      lightli_arrival_lavapool
D:2:      overflow_temple_1_default, nicolae_qazlal_eye_of_the_storm
D:3:      ecumenical_altar_1, first_bread
D:4:      gammafunk_temple_overflow_forgotten, nicolae_overflow_hidden_temple,
          temple_hall, okawaru_ov_weapons_minmay, uniq_pikel, uniq_sigmund
D:5:      lemuel_round_altar, kennysheep_mini_moat, serial_shops,
          nicolae_shop_statue_plus, shop, nicolae_shop_window_shopping,
          nicolae_shop_stone, uniq_crazy_yiuf_cottage, uniq_grinder,
          uniq_duvessa

Action                   |  1- 3 |  4- 6 || total
-------------------------+-------+-------++-------
Melee: Trident           |   116 |   118 ||   234
Throw: Javelin           |    11 |    43 ||    54
       Throwing net      |       |     1 ||     1
 Stab: Sleeping          |     1 |     3 ||     4
  Eat: Chunk             |     2 |     6 ||     8
